 Dungeon Crawl Stone Soup version 0.30-b1-2-g02819fbbbe (webtiles) character file.

Game seed: 1605563783597341002

3 Mesmaeker13 the Shooter (level 1, 0/17 HPs)
             Began as a Barachi Hunter on Aug 2, 2023.
             Slain by a gnoll
             ... wielding a +0 spear
              (8 damage)
             ... on level 1 of the Dungeon.
             The game lasted 00:00:17 (82 turns).

Mesmaeker13 the Shooter (Barachi Hunter)              Turns: 82, Time: 00:00:17

Health: 0/17       AC:  3    Str: 12    XL:     1   Next: 50%
Magic:  1/1        EV: 12    Int:  9    God:
Gold:   0          SH:  0    Dex: 15    Spells: 0/0 levels left

rFire   . . .        a - +0 shortbow
rCold   . . .        (shield currently unavailable)
rNeg    . . .        c - +0 leather armour
rPois   .            (no helmet)
rElec   .            (no cloak)
rCorr   .            (no gloves)
SInv    .            (no boots)
Will    .....        (no amulet)
Stlth   +            (no ring)
HPRegen 0.22/turn    (no ring)
MPRegen 0.07/turn

%: no passive effects
@: unable to hop, slow
A: amphibious, slowness 1, strong legs 1, +LOS
a: Hop


You were on level 1 of the Dungeon.
You visited 1 branch of the dungeon, and saw 1 of its levels.

Inventory:

Hand Weapons
 a - a +0 shortbow (weapon)
Missiles
 d - 5 poisoned darts
Armour
 c - a +0 leather armour (worn)
Jewellery
 f - an amulet of magic regeneration
Scrolls
 b - a scroll of immolation
 e - a scroll of noise {unknown}


   Skills:
 + Level 2.5 Fighting
 + Level 4.0 Ranged Weapons
 + Level 2.3 Dodging
 - Level 0.8 Stealth


You couldn't memorise any spells.
You didn't know any spells.
Your spell library contained the following spells:

 Spells                   Type           Power      Damage    Failure   Level
 Foxfire                  Conj/Fire      0%         2x1d4     45%         1
 Fireball                 Conj/Fire      0%         3d3       100%        5
 Plasma Beam              Fire/Air       0%         2x1d11    100%        6
 Starburst                Conj/Fire      0%         6d3       100%        6


Dungeon Overview and Level Annotations

Branches:
Dungeon (1/15)

Altars:


Innate Abilities, Weirdness & Mutations

You are amphibious.
You cover ground slowly.
You can hop short distances.
You have an extended range of vision and can be seen from far away.


Message History

An endoplasm comes into view.
Found 5 poisoned darts.
The endoplasm quivers.
There is an open door here.
You shoot an arrow. The arrow hits the endoplasm.
You kill the endoplasm!
No target in view!
A quokka comes into view.
You shoot an arrow. The arrow hits the quokka!
You kill the quokka!
No target in view!
Found a scroll labelled VIUGIOSHRYO.
You see here 5 poisoned darts.
d - 5 poisoned darts
Found 4 stones.
e - a scroll labelled VIUGIOSHRYO You pick up a book of Fire and begin reading...
You add the spells Foxfire, Fireball, Plasma Beam and Starburst to your library.
f - an amulet of magic regeneration A gnoll comes into view.
It is wielding a +0 spear.
A gnoll is nearby!
You shoot an arrow.
The arrow hits the gnoll but does no damage.
Hop to where?
Press: ? - help, Dir - move target, p - gnoll Boing!
Unknown command.
You shoot an arrow. The arrow barely misses the gnoll.
You shoot an arrow. The arrow barely misses the gnoll.
You shoot an arrow. The arrow barely misses the gnoll.
The gnoll hits you from afar with a +0 spear.
You shoot an arrow. The arrow closely misses the gnoll.
The gnoll hits you from afar with a +0 spear.
You shoot an arrow. The arrow barely misses the gnoll.
The gnoll barely misses you.
You shoot an arrow. The arrow hits the gnoll!
The gnoll is severely wounded.
The gnoll hits you from afar with a +0 spear.
The gnoll hits you from afar with a +0 spear!
You die...

#...(...##.####
#.......#.....#
.......##.##.#
###### ####.#
######### #.#
#.......# #.#
##.## #.#
###.#.######.#
#..###..g.@..#
#.....#.#.########
#.#.#####.##
#.......#
#########


You could see a gnoll.

Vanquished Creatures
  An endoplasm (D:1)
  A quokka (D:1)
  A ball python (D:1)
3 creatures vanquished.

Notes
Turn   | Place    | Note
-------+----------+-------------------------------------------
     0 | D:1      | Mesmaeker13 the Barachi Hunter began the quest for the Orb.
     0 | D:1      | Reached XP level 1. HP: 17/17 MP: 1/1
    82 | D:1      | Slain by a gnoll

Illustrated notes

Levels and vault maps discovered:
D:1:      dpeg_arrival_round_a, layout_loops_cross,
          shapermc_ecumenical_altar_mp_ritualfount

Action                     || total
---------------------------++-------
   Fire: Shortbow          ||    10
Ability: Hop               ||     1
  Dodge: Dodged            ||     1
